 Dungeon Crawl Stone Soup version 0.24.0-13-gcf9b319 (webtiles) character file.

Game seed: 13265946386388383281, levelgen mode: deterministic

87 Boetheseconed the Insei (level 4, -3/35 HPs)
             Began as a Demonspawn Monk on Dec 1, 2019.
             Killed by nerve-wracking pain
             ... invoked by an orc priest
              (6 damage)
             ... on level 3 of the Dungeon.
             The game lasted 00:04:14 (2113 turns).

Boetheseconed the Insei (Demonspawn Monk)           Turns: 2113, Time: 00:04:15

Health: -3/35      AC:  3    Str: 11    XL:     4   Next: 28%
Magic:  4/4        EV: 19    Int: 11    God:
Gold:   102        SH:  0    Dex: 22    Spells: 3/3 levels left

rFire    + . .     SeeInvis .     - Unarmed
rCold    . . .     Gourm    .   (no shield)
rNeg     . . .     Faith    .   a - +0 robe
rPois    .         Spirit   .   (no helmet)
rElec    .         Reflect  .   (no cloak)
rCorr    .         Harm     .   (no gloves)
MR       .....                  e - +0 pair of boots
Stlth    ++++......             (no amulet)
HPRegen  0.11/turn              (no ring)
MPRegen  0.09/turn              (no ring)

@: agile, lethally poisoned (-3 -> -10)
A: fire resistance 1, flame cloud immunity
a: no special abilities


You were on level 3 of the Dungeon.
You were not hungry.

You visited 1 branch of the dungeon, and saw 3 of its levels.

You collected 102 gold pieces.

Inventory:

Armour
 a - a +0 robe (worn)
 e - a +0 pair of boots (worn)
Scrolls
 d - 2 scrolls of identify {unknown}
 h - a scroll of enchant weapon {unknown}
Potions
 c - a potion of heal wounds {unknown}
 g - a potion of berserk rage {unknown}
 i - a potion of degeneration {unknown}
 k - a potion of curing {unknown}
 l - a potion of magic {unknown}
Comestibles
 b - 4 rations
 j - 5 chunks of flesh


   Skills:
 + Level 3.4 Fighting
 + Level 3.1 Dodging
 + Level 2.3 Stealth
 + Level 3.7 Unarmed Combat


You had 3 spell levels left.
You didn't know any spells.
Your spell library was empty.

Dungeon Overview and Level Annotations

Branches:
Dungeon (3/15)

Altars:


Innate Abilities, Weirdness & Mutations

Your flesh is heat resistant. (rF+)
You are immune to clouds of flame.


Message History

You punch the orc!
You kill the orc!
The adder bites you.
The orc wizard hits you with a +0 dagger.
The adder bites you.
You are poisoned.
The adder poisons you! The orc wizard misses you.
The orc priest closely misses you. The adder bites you.
* * * LOW HITPOINT WARNING * * *
It was a potion of agility.
You feel agile all of a sudden.
You feel sick. The orc wizard barely misses you. The adder bites you.
* * * LOW HITPOINT WARNING * * *
The adder bites you.
* * * LOW HITPOINT WARNING * * *
You are lethally poisoned!
The adder poisons you! The orc wizard closely misses you. x2
The orc priest calls down the wrath of Beogh upon you.
Pain shoots through your body!
You die...

#...#......#
#..........+
##..........
$..........
....!.....#
..........#
....$.Soo.#
......S@..#
..>....o..########
....##............
... ##...........
. #...........
#...........
##..........
#..######## #..#


You could see an orc priest, 2 orc wizards and 2 adders.

Vanquished Creatures
  3 adders (D:2)
  An ooze (D:2)
  An adder zombie (D:3)
  2 worms
  2 dart slugs
  3 leopard geckos (D:1)
  An orc (D:3)
  A ball python (D:3)
  5 giant cockroaches
  A goblin (D:1)
  3 hobgoblins
  2 bats
  A frilled lizard (D:1)
  8 kobolds
  3 rats
37 creatures vanquished.

Notes
Turn   | Place    | Note
-------+----------+-------------------------------------------
     0 | D:1      | Boetheseconed the Demonspawn Monk began the quest for the
                  | Orb.
     0 | D:1      | Reached XP level 1. HP: 18/18 MP: 1/1
   152 | D:1      | Gained mutation: Your flesh is heat resistant. (rF+)
                  | [demonic ancestry]
   152 | D:1      | Reached XP level 2. HP: 6/24 MP: 2/2
  1061 | D:2      | Reached XP level 3. HP: 17/29 MP: 3/3
  1784 | D:2      | Gained mutation: You are immune to clouds of flame.
                  | [demonic ancestry]
  1784 | D:2      | Reached XP level 4. HP: 35/35 MP: 4/4
  2113 | D:3      | Killed from afar by an orc priest

Levels and vault maps discovered:
D:1:      onia_arrival_larder, layout_loops_ring, minmay_misc_feat_hallway,
          minmay_cut_off
D:2:      layout_rooms, serial_forest, infiniplex_forest_fountain,
          infiniplex_forest_end_1, infiniplex_forest_clump_C,
          infiniplex_forest_clump_curved, infiniplex_forest_clump_diagonal,
          infiniplex_forest_lined_room_
D:3:      layout_basic, first_ration

Skill      XL: |  1  2 |
---------------+-------+-----
Unarmed Combat | 3 |  3.7
Dodging        | 3 |  3.1
Stealth        | 2 |  2.3
Fighting       | |  3.4

Action                   |  1- 3 |  4- 6 || total
-------------------------+-------+-------++-------
Melee: Unarmed           |   112 |    44 ||   156
       Punch             |     1 |     1 ||     2
  Use: Potion            |       |     1 ||     1
 Stab: Sleeping          |     3 |     3 ||     6
  Eat: Chunk             |     3 |     1 ||     4
Armor: Robe              |    17 |     2 ||    19
Dodge: Dodged            |    54 |    30 ||    84
